AoeStats
← ben1guerard

Arabia

509781720Analyzed
1v1 RM · 4d ago on Sep 28, 2026· 59m 48s· 2 players
Game mode
Random Map
Map size
Tiny (2 player)
Population
200
Speed
Normal
Resources
Standard
Victory
Conquest
Starting age
Dark Age
Ending age
Imperial Age
RankedLock teamsTeams togetherTeam positionsShared explorationLock speedFull tech treeHidden civsTurbo modeCheats
Victory
Defeat
🇨🇱 Teutons · Chile
974
+15
🇨🇦 Saxons · Canada
951
-15
ben1guerard
7:14 Loom
9:38 Feudal Age
10:40 Double-Bit Axe
19:11 Castle Age
17:38 Horse Collar
17:54 Fletching
19:33 Crossbowman
22:09 Bow Saw
23:01 Bodkin Arrow
32:19 Imperial Age
35:00 Scale Mail Armor
35:10 Forging
36:18 Arbalester
38:28 Bracer
40:23 Chain Mail Armor
40:44 Iron Casting
41:54 Thumb Ring
42:31 Plate Mail Armor
43:36 Padded Archer Armor
44:44 Ballistics
46:21 Elite Hearth Troop
47:33 Shield Wall
51:50 Leather Archer Armor
53:58 Chemistry
53:03 Siege Engineers
56:53 Sappers
TitoKgB
5:31 Loom
11:40 Feudal Age
12:59 Man-at-Arms
13:37 Double-Bit Axe
14:37 Horse Collar
17:00 Scale Mail Armor
18:19 Arson
21:54 Castle Age
21:38 Gold Mining
22:16 Fletching
23:28 Bow Saw
24:02 Padded Archer Armor
24:13 Stone Mining
25:40 Leather Archer Armor
25:13 Elite Skirmisher
27:06 Bodkin Arrow
30:51 Masonry
31:03 Ballistics
32:36 Town Watch
33:28 Wheelbarrow
38:55 Imperial Age
38:37 Ironclad
38:28 Heavy Plow
39:10 Chain Mail Armor
40:42 Ring Archer Armor
41:36 Hand Cart
43:23 Forging
43:43 Conscription
44:22 Plate Mail Armor
45:59 Chemistry
45:14 Cavalier
46:06 Bloodlines
46:04 Scale Barding Armor
47:45 Hoardings
48:39 Chain Barding Armor
48:57 Stone Shaft Mining
50:23 Iron Casting
51:32 Crenellations
53:27 Plate Barding Armor
53:53 Blast Furnace
53:02 Paladin
Connection lost

Rejoining the realm…

Still unreachable

The connection could not be restored.

Session expired

The server has moved on; the page needs a fresh start.